 Dungeon Crawl Stone Soup version 0.32-a0-12-g7fc57aa741 (webtiles) character file.

Game seed: 13858722278761666293

47350 Gargoyl the Severer (level 14, -2/92 HPs)
             Began as a Gargoyle Berserker on Jan 14, 2024.
             Was an Elder of Trog.
             Killed from afar by a hell hound (6 damage)
             ... with a blast of flame
             ... on level 5 of the Lair of Beasts.
             The game lasted 00:23:09 (12990 turns).

Gargoyl the Severer (Gargoyle Berserker)           Turns: 12990, Time: 00:23:09

Health: -2/92      AC: 25    Str: 27    XL:     14   Next: 41%
Magic:  14/14      EV: 14    Int:  9    God:    Trog [****..]
Gold:   821        SH:  5    Dex: 16    Spells: 13/13 levels left

rFire   . . .        w - +1 battleaxe (flame)
rCold   + . .        (shield currently unavailable)
rNeg    + . .        g - +2 ring mail {rC+}
rPois   ∞            D - +1 helmet of Theory {Dex+3}
rElec   +            n - +1 cloak
rCorr   +            q - +0 pair of gloves
SInv    .            (no boots)
Will    +++..        H - amulet of reflection
Stlth   ++           b - +6 ring of strength
HPRegen 1.35/turn    F - ring of resist corrosion
MPRegen 0.14/turn

%: reflection
@: about to teleport, strong-willed, on berserk cooldown, flying, regenerating,
slowed, studying Polearms, very slow
A: sickness immunity, AC +10, big wings, negative energy resistance 1,
electricity resistance, torment resistance 1, petrification resistance
a: Renounce Religion, Berserk, Trog's Hand, Brothers in Arms


You were on level 5 of the Lair of Beasts.
You worshipped Trog.
Trog was greatly pleased with you.
You visited 2 branches of the dungeon, and saw 13 of its levels.
You also visited: Gauntlet and Ice Cave.

You collected 971 gold pieces.
You spent 150 gold pieces at shops.

Inventory:

Hand Weapons
 e - the +8 frozen axe "Frostbite" {freeze, freezing cloud, *Noise Fly rC+}
   (You acquired it on level 4 of the Dungeon)

   rC+:       It protects you from cold.
   Fly:       It grants you flight.
   *Noise:    It may make a loud noise when swung.
 w - a +1 battleaxe of flaming (weapon)
 C - a +1 broad axe of electrocution
Missiles
 t - 2 poisoned darts (quivered)
 v - a throwing net
Armour
 g - a +2 ring mail of cold resistance (worn)
 n - a +1 cloak (worn)
 q - a +0 pair of gloves (worn)
 D - the +1 helmet of Theory (worn) {Dex+3}
   (You found it in an ice cave)

   Dex+3:     It affects your dexterity (+3).
Jewellery
 b - a +6 ring of strength (left hand)
 u - the ring "Rosor" {rElec rN++ rCorr Dex-4 SInv}
   (You found it in a Gauntlet)

   [ring of resist corrosion]

   Dex-4:     It affects your dexterity (-4).
   rElec:     It insulates you from electricity.
   rN++:      It greatly protects you from negative energy.
   SInv:      It lets you see invisible.
   rCorr:     It protects you from acid and corrosion.
 F - a ring of resist corrosion (right hand)
 H - an amulet of reflection (around neck)
 J - an amulet of guardian spirit
 M - a ring of flight
Wands
 h - a wand of flame (48)
 m - a wand of charming (20)
 s - a wand of digging (6)
 z - a wand of iceblast (2)
Scrolls
 a - 2 scrolls of butterflies
 r - a scroll of revelation
 y - a scroll of teleportation
 A - 2 scrolls of fog
 B - a scroll of immolation
 E - 3 scrolls of identify
 G - a scroll of brand weapon
Potions
 c - 2 potions of might
 d - 2 potions of enlightenment
 f - a potion of resistance {unknown}
 i - 3 potions of degeneration {unknown}
 j - a potion of ambrosia
 k - 2 potions of curing
 l - a potion of berserk rage {unknown}
 o - 2 potions of haste {unknown}
 p - a potion of heal wounds {unknown}
 x - 2 potions of magic {unknown}
 I - 2 potions of mutation {unknown}


   Skills:
 + Level 12.7 Fighting
 + Level 17.6 Axes
 + Level 8.2 Armour
 + Level 6.1 Dodging
 + Level 4.4 Stealth
 + Level 2.3 Shields


You had 13 spell levels left.
You didn't know any spells.
Your spell library was empty.

Dungeon Overview and Level Annotations

Branches:
Dungeon (8/15)             Temple (0/1) D:5            Lair (5/5) D:8
 Shoals (0/4) Lair:2       Spider (0/4) Lair:2        Slime (0/5) Lair:5
  IceCv (visited)         Gauntlet (visited)

Altars:
Ashenzari
Dithmenos
Xom

Shops:
D:4 (   D:8 (


Innate Abilities, Weirdness & Mutations

You are immune to sickness and miasma.
Your stone body is resilient. (AC +10)
You are immune to poison.
Your large and strong wings let you fly.
You resist negative energy. (rN+)
You are resistant to electric shocks. (rElec)
You are resistant to unholy torment.
You are immune to petrification.


Message History

The living lightning misses you.
The raiju blinks!
The eight-headed hydra bites you.
* * * LOW HITPOINT WARNING * * *
The eight-headed hydra bites you but does no damage. x3
The eight-headed hydra barely misses you.
The eight-headed hydra bites you but does no damage.
The eight-headed hydra closely misses you.
The eight-headed hydra misses you.
Unknown command.
As you read the scroll of teleportation, it crumbles to dust.
You feel strangely unstable.
The alligator tail-slaps the plant!
The alligator bites the plant!
The raiju barely misses you. You block the polar bear's attack.
The polar bear claws you but does no damage.
The polar bear claws you.
* * * LOW HITPOINT WARNING * * *
The eight-headed hydra bites you.
* * * LOW HITPOINT WARNING * * *
The eight-headed hydra bites you.
* * * LOW HITPOINT WARNING * * *
The eight-headed hydra bites you.
* * * LOW HITPOINT WARNING * * *
The eight-headed hydra bites you but does no damage.
The eight-headed hydra closely misses you.
The eight-headed hydra bites you!
* * * LOW HITPOINT WARNING * * *
The eight-headed hydra closely misses you.
The eight-headed hydra bites you.
* * * LOW HITPOINT WARNING * * *
The alligator tail-slaps the plant!
The alligator bites the plant!!
You feel better.
A nearby plant withers and dies.
The raiju bites you!
* * * LOW HITPOINT WARNING * * *
The raiju shocks you. You resist.
* * * LOW HITPOINT WARNING * * *
The polar bear barely misses you. The polar bear misses you.
The polar bear claws you but does no damage.
The hell hound breathes flames at you.
The blast of flame hits the hell hound.
The hell hound completely resists.
The blast of flame hits you.
You die...

### #.#. #.### $...# #
#hh.#.## ....## #
.........## .....# #
............### ##.h..[#
##.#....#.#h.... #.....# ##
##.##.#.##..#####....#
#########.h##hhh.## #
####.#...#...@#....##..#
####...#.......h#Dl......#
.#............#.#h...###...#
.P#.....#.#.#.##P#...?# ...
..†#†..##########P#..## ..
P...#### ###### ....##
....P## .....P#


You could see an eight-headed hydra, an alligator, 3 polar bears, a raiju, 2
hell hounds and a black bear.

Vanquished Creatures
  An azure jelly (IceCv)
  2 quicksilver oozes (IceCv)
  A minotaur (Gauntlet)
  4 hydras
  A ghost crab (Gauntlet)
  2 catoblepae
  A skyshark (Lair:5)
  An arcanist (Gauntlet)
  A necromancer (Gauntlet)
  2 oklob plants (Lair:5)
  10 elephants
  2 ice statues (IceCv)
  18 slime creatures (IceCv)
  3 black mambas
  2 torpor snails
  A minotaur zombie (Gauntlet)
  14 cane toads
  Maggie (Lair:2)
  3 rime drakes
  Jeremiah (D:7)
  6 komodo dragons
  3 merfolk (Lair:2)
  4 polar bears
  A hornet (D:8)
  22 blink frogs
  2 raiju (Lair:5)
  Sigmund (D:3)
  2 wyverns
  3 wargs (Lair:5)
  7 basilisks
  3 redbacks (Lair:2)
  A steam dragon (Lair:2)
  43 yaks
  Edmund (D:5)
  4 great orb of eyes simulacra (IceCv)
  Duvessa (D:4)
  11 water moccasins
  12 black bears
  A sky beast (D:7)
  4 ogres
  20 wolves
  A centaur (D:8)
  A phantom (D:5)
  3 slime creature simulacra (IceCv)
  10 bullfrogs
  2 scorpions (D:6)
  Dowan (D:4)
  5 wights (D:8)
  2 electric eels (Lair:2)
  2 bombardier beetles
  3 hounds
  A sleepcap (D:5)
  2 orc priests (D:4)
  Crazy Yiuf (D:5)
  4 iguanas
  5 shapeshifter simulacra (IceCv)
  Robin (D:3)
  8 gnolls
  8 adders
  A shadow imp (D:8)
  2 white imps
  4 ufetubi
  3 dart slugs
  2 ribbon worms
  16 orcs
  6 bats
  9 endoplasms
  5 giant cockroaches
  24 goblins
  12 hobgoblins
  5 quokkas
  11 ball pythons
  7 frilled lizards
  9 kobolds
  5 rats
404 creatures vanquished.

Vanquished Creatures (collateral kills)
  A merfolk siren (Lair:2)
  A minotaur zombie (Gauntlet)
2 creatures vanquished.

Grand Total: 406 creatures vanquished

Notes
Turn   | Place    | Note
-------+----------+-------------------------------------------
     0 | D:1      | Gargoyl the Gargoyle Berserker began the quest for the Orb.
     0 | D:1      | Reached XP level 1. HP: 14/14 MP: 1/1
    48 | D:1      | Reached XP level 2. HP: 19/19 MP: 2/2
   101 | D:1      | Reached skill level 3 in Axes
   461 | D:1      | Reached XP level 3. HP: 14/24 MP: 3/3
   699 | D:2      | Reached XP level 4. HP: 30/30 MP: 4/4
   716 | D:2      | Reached ** piety under Trog
   980 | D:2      | Reached XP level 5. HP: 34/34 MP: 5/5
  1106 | D:2      | Reached skill level 4 in Axes
  1242 | D:2      | Found a shadowy altar of Dithmenos.
  1922 | D:3      | Reached XP level 6. HP: 40/40 MP: 6/6
  2074 | D:3      | Noticed Robin
  2094 | D:3      | Killed Robin
  2206 | D:3      | Noticed Sigmund
  2219 | D:3      | Killed Sigmund
  2220 | D:3      | Reached skill level 5 in Fighting
  2220 | D:3      | Reached skill level 5 in Axes
  2220 | D:3      | Reached skill level 1 in Stealth
  2605 | D:4      | Reached XP level 7. HP: 40/44 MP: 7/7
  2790 | D:4      | Noticed Duvessa
  2792 | D:4      | Noticed Dowan
  2813 | D:4      | Killed Duvessa
  2947 | D:4      | Found Othicwae's Antique Weapon Boutique.
  2956 | D:4      | Reached skill level 6 in Axes
  3162 | D:4      | Reached *** piety under Trog
  3201 | D:4      | Identified a scroll of acquirement
  3201 | D:4      | Acquired the +8 frozen axe "Frostbite" {freeze, freezing
                  | cloud, *Noise Fly rC+}
  3201 | D:4      | Found the +8 frozen axe "Frostbite" {freeze, freezing
                  | cloud, *Noise Fly rC+}
  3283 | D:4      | Killed Dowan
  3359 | D:4      | Reached XP level 8. HP: 39/51 MP: 8/8
  3821 | D:5      | Entered Level 5 of the Dungeon
  3961 | D:5      | Found a runed translucent door.
  3962 | D:5      | Noticed Crazy Yiuf
  3989 | D:5      | Reached skill level 7 in Axes
  4046 | D:5      | Found a staircase to the Ecumenical Temple.
  4518 | D:5      | Killed Crazy Yiuf
  4553 | D:6      | Noticed Edmund
  4560 | D:5      | Reached skill level 5 in Armour
  4674 | D:5      | Killed Edmund
  4758 | D:6      | Reached skill level 8 in Axes
  4775 | D:6      | Reached XP level 9. HP: 56/56 MP: 9/9
  4907 | D:6      | Found a shimmering altar of Xom.
  5605 | D:7      | Noticed Jeremiah
  5627 | D:7      | Killed Jeremiah
  5628 | D:7      | Reached skill level 9 in Axes
  5972 | D:8      | Identified the +1 leather armour of Urphiddo {Rampage +Inv
                  | Str+2}
  6013 | D:8      | Noticed a hornet
  6021 | D:8      | Killed a hornet
  6123 | D:8      | Noticed an elephant
  6124 | D:8      | Found a staircase to the Lair.
  6133 | D:8      | Killed an elephant
  6134 | D:8      | Reached skill level 10 in Axes
  6134 | D:8      | Reached XP level 10. HP: 63/63 MP: 10/10
  6300 | D:8      | Found a broken altar of Ashenzari.
  6463 | D:8      | Found Yntacra's Hydra Hut.
  6464 | D:8      | Noticed a seven-headed hydra
  6467 | D:8      | Bought a +0 battleaxe of flaming for 150 gold pieces
  6495 | Lair:1   | Entered Level 1 of the Lair of Beasts
  6603 | Lair:1   | Noticed a cane toad
  6607 | Lair:1   | Killed a cane toad
  6616 | Lair:1   | Reached skill level 11 in Axes
  6632 | Lair:1   | Reached **** piety under Trog
  6639 | Lair:1   | Reached skill level 12 in Axes
  6766 | Lair:1   | Reached XP level 11. HP: 47/68 MP: 11/11
  6787 | Lair:1   | Reached skill level 13 in Axes
  7427 | Lair:2   | Noticed Maggie
  7437 | Lair:2   | Killed Maggie
  7456 | Lair:2   | Noticed an eight-headed hydra
  7467 | Lair:2   | Killed a three-headed hydra
  7692 | Lair:2   | Reached skill level 14 in Axes
  7791 | Lair:2   | Reached XP level 12. HP: 74/76 MP: 12/12
  7855 | Lair:2   | Found a hole to the Spider Nest.
  8144 | Lair:2   | Found a staircase to the Shoals.
  8520 | Lair:2   | Reached skill level 10 in Fighting
  8947 | Lair:3   | Found a frozen archway.
  8955 | IceCv    | Entered an ice cave
  9218 | IceCv    | Identified the +1 helmet of Theory {Dex+3}
  9285 | IceCv    | Reached skill level 15 in Axes
  9470 | IceCv    | Noticed a quicksilver ooze
  9478 | IceCv    | Killed a quicksilver ooze
  9781 | IceCv    | Noticed a quicksilver ooze
  9783 | IceCv    | Found a viscous altar of Jiyva.
  9783 | IceCv    | Noticed an azure jelly
  9791 | IceCv    | Killed a quicksilver ooze
  9795 | IceCv    | Killed an azure jelly
  9796 | IceCv    | Reached XP level 13. HP: 84/84 MP: 0/13
  9809 | IceCv    | Got the ring "Maladal" {Ice *Slow Will++ rCorr Str+2}
 10175 | Lair:3   | Reached skill level 16 in Axes
 10330 | Lair:3   | Reached skill level 5 in Dodging
 10869 | Lair:4   | Found a gate leading to a gauntlet.
 10878 | Gauntlet | Entered a Gauntlet
 10878 | Gauntlet | Found a runed translucent door.
 10878 | Gauntlet | Found a transporter.
 10878 | Gauntlet | Found a runed translucent door.
 10878 | Gauntlet | Found a transporter.
 10882 | Gauntlet | Found a transporter.
 10882 | Gauntlet | Found a transporter.
 10920 | Gauntlet | Found a transporter.
 10920 | Gauntlet | Found a transporter.
 10922 | Gauntlet | Found a runed translucent gate.
 10925 | Gauntlet | Found a runed translucent gate.
 10926 | Gauntlet | Found a runed translucent gate.
 10946 | Gauntlet | Found a transporter.
 10949 | Gauntlet | Found a transporter.
 10968 | Gauntlet | Found a transporter.
 10968 | Gauntlet | Found a transporter.
 10996 | Gauntlet | Found a transporter.
 11001 | Gauntlet | Identified the ring "Rosor" {rElec rN++ rCorr Dex-4 SInv}
 11003 | Gauntlet | Identified the ring "Ivvoown" {Int+4 SInv}
 11005 | Gauntlet | Found a transporter.
 11035 | Gauntlet | Identified the staff of the Brain {rElec rPois Conj}
 11035 | Gauntlet | Noticed a minotaur
 11042 | Gauntlet | Killed a minotaur
 11542 | Lair:4   | Reached skill level 1 in Shields
 12125 | Lair:5   | Entered Level 5 of the Lair of Beasts
 12233 | Lair:5   | Found a staircase to the Slime Pits.
 12242 | Lair:5   | Reached skill level 17 in Axes
 12257 | Lair:5   | Gained mutation: Your large and strong wings let you fly.
                  | [Gargoyle growth]
 12257 | Lair:5   | Reached XP level 14. HP: 88/92 MP: 14/14
 12989 | Lair:5   | HP: 2/92 [eight-headed hydra (3)]
 12990 | Lair:5   | Killed from afar by a hell hound

Illustrated notes

Levels and vault maps discovered:
D:1:      dpeg_arrival_shelter, layout_basic
D:2:      minmay_chambers_of_twos, layout_basic, basic_altar
D:3:      layout_basic, hangedman_glass_teeth, bh_walls_and_bars, uniq_sigmund,
          uniq_robin
D:4:      layout_basic, serial_shops, shop, st_stairs_12, minmay_ogre_servants,
          uniq_duvessa
D:5:      nicolae_cairo_tiling_large, layout_basic,
          minmay_temple_entry_from_below_b, uniq_crazy_yiuf_cottage
D:6:      layout_cave_pools, nicolae_overflow_hidden_temple, uniq_edmund
D:7:      layout_loops_ring, uniq_jeremiah
D:8:      layout_basic, ashenzari_altar_1, david_lair_generic,
          doesnt_shop_hydraphobe
Lair:1:   layout_regular_city, lemuel_fruit_tree, serial_bayou_shore_b
Lair:2:   layout_cave_pods, elwin_shoals_entry_stream, spider_nest_entry_webs,
          serial_bayou_shore_a, serial_bayou_shore_b, uniq_maggie
Lair:3:   layout_small_grid, portal_ice_cave_entry_pillars_2
Lair:4:   layout_regular_city, gauntlet_entry_generic
Lair:5:   hangedman_lair_caniforms_friends, layout_hall_layers,
          hangedman_lair_in_review, minmay_slime_entry_oklob_open

Skill      XL: |  1  2  3  4  5  6  7  8  9 10 11 12 13 14 |
---------------+-------------------------------------------+-----
Axes           | 3 4 5 6 8 10 12 14 15 17 | 17.6
Fighting       | 4 5 6 7 8 9 11 12 | 12.7
Dodging        | 2 3 4 5 6 |  6.1
Armour         | 3 4 5 6 7 8 |  8.2
Stealth        | 1 2 3 4 |  4.4
Shields        | 1 2 |  2.3

Action                     |  1- 3 |  4- 6 |  7- 9 | 10-12 | 13-15 || total
---------------------------+-------+-------+-------+-------+-------++-------
  Melee: Hand axe          |    69 |   205 |    38 |       |       ||   312
         Punch             |     1 |     1 |     1 |       |       ||     3
         War axe           |       |       |    24 |       |       ||    24
         Executioner's axe |       |       |   110 |   198 |   131 ||   439
         Battleaxe         |       |       |       |   100 |   151 ||   251
 Invoke: Berserk           |     2 |     5 |     8 |     8 |     9 ||    32
         Trog's Hand       |       |     3 |     3 |    10 |     9 ||    25
         Brothers in Arms  |       |       |       |     1 |     1 ||     2
    Use: Scroll            |     3 |     2 |     8 |     9 |     9 ||    31
         Potion            |       |       |     4 |     3 |     4 ||    11
   Stab: Sleeping          |       |       |       |       |     1 ||     1
         Petrified         |       |       |       |       |     4 ||     4
         Petrifying        |       |       |       |       |     1 ||     1
 Armour: Animal skin       |    35 |    26 |       |       |       ||    61
         Plate armour      |       |   192 |    39 |       |       ||   231
         Ring mail         |       |       |   117 |   323 |   367 ||   807
  Dodge: Dodged            |    46 |    88 |   117 |   214 |   278 ||   743
  Block: Other             |       |       |       |       |    67 ||    67

Table legend: (Time is in decaauts)
 A = Elapsed time spent in this place.
 B = Non-inter-level travel time spent in this place.
 C = Inter-level travel time spent in this place.
 D = Time resting spent in this place.
 E = Time spent auto-exploring this place.
 F = Levels seen in this place.
 G = Mean time per level.
                   A        B        C        D        E       F      G
               +--------+--------+--------+--------+--------+-----+--------+
         Total |  13391 |  13067 |    324 |   1330 |   8357 |  15 |  892.7 |
       Dungeon |   6732 |   6515 |    217 |    370 |   4524 |   8 |  841.5 |
          Lair |   5269 |   5162 |    107 |    424 |   3555 |   5 | 1053.8 |
      Ice Cave |   1053 |   1053 |      0 |    515 |    162 |   1 | 1053.0 |
      Gauntlet |    335 |    335 |      0 |     19 |    115 |   1 |  335.0 |
               +--------+--------+--------+--------+--------+-----+--------+

Top non-repeatable levels by time:
  Lair:2: 1569 daAuts
     D:4: 1394 daAuts
     D:3: 1194 daAuts
   IceCv: 1053 daAuts
  Lair:4: 985 daAuts
     D:5: 958 daAuts
  Lair:1: 920 daAuts
  Lair:3: 914 daAuts
  Lair:5: 879 daAuts
     D:2: 711 daAuts
     D:7: 697 daAuts
     D:1: 679 daAuts
     D:8: 612 daAuts
     D:6: 484 daAuts
Gauntlet: 335 daAuts
